 Dungeon Crawl Stone Soup version 0.19-b1-3-g7dea586 (webtiles) character file.

53 dorian the Skirmisher (level 3, 0/29 HPs)
             Began as a Demonspawn Abyssal Knight on Oct 28, 2016.
             Was a Believer of Lugonu.
             Succumbed to an adder's poison
             ... on level 2 of the Dungeon.
             The game lasted 00:02:30 (1539 turns).

dorian the Skirmisher (Demonspawn Abyssal Knight)   Turns: 1539, Time: 00:02:30

Health: 0/29       AC:  4    Str: 18    XL:     3   Next: 62%
Magic:  5/5        EV: 11    Int: 18    God:    Lugonu [**....]
Gold:   70         SH:  0    Dex: 12    Spells: 0 memorised, 2 levels left

rFire  . . .     SeeInvis .     a - +1 falchion
rCold  . . .     Gourm    .     b - +0 leather armour
rNeg   . . .     Faith    .     (no shield)
rPois  .         Spirit   .     (helmet restricted)
rElec  .         Reflect  .     (no cloak)
rCorr  .         Harm     .     p - +0 pair of gloves
MR     .....                    (no boots)
Stlth  +.........               (no amulet)
                                (no ring)
                                (no ring)

@: mighty, brilliant, lethally poisoned (0 -> -4), exhausted, slowed, very slow
A: horns 1, rot immunity
a: Depart the Abyss, Bend Space, Renounce Religion


You were on level 2 of the Dungeon.
You worshipped Lugonu.
Lugonu was pleased with you.
You were very hungry.

You visited 1 branch of the dungeon, and saw 2 of its levels.
You visited the Abyss 1 time.

You collected 70 gold pieces.

Inventory:

Hand Weapons
 a - a +1 falchion (weapon)
 m - a +0 dagger of flaming
Armour
 b - a +0 leather armour (worn)
 o - a +0 helmet
 p - a +0 pair of gloves (worn)
Jewellery
 r - a +5 ring of strength {unknown}
Scrolls
 d - a scroll of amnesia {unknown}
 i - a scroll of identify {unknown}
 k - a scroll of random uselessness {unknown}
 l - 4 scrolls of enchant armour {unknown}
Potions
 n - a potion of cancellation
 q - a potion of degeneration {unknown}
 s - a potion of resistance {unknown}
Comestibles
 c - 2 bread rations
 g - 3 fruits


   Skills:
 + Level 3.3 Fighting
 + Level 2.8 Long Blades
 + Level 2.0 Armour
 + Level 1.3 Dodging
 + Level 0.2 Stealth
 + Level 2.7 Invocations


You had 2 spell levels left.
You didn't know any spells.

Dungeon Overview and Level Annotations

Branches:
Dungeon (2/15)

Altars:
Cheibriados
Dithmenos
Elyvilon
Gozag
Hepliaklqana
Makhleb
Ru
Uskayaw
Vehumet
Yredelemnul


Innate Abilities, Weirdness & Mutations

You have a pair of small horns on your head.
You are immune to rotting.


Message History

There is a lethal amount of poison in your body!
You feel a strong urge to attack something.
* * * LOW HITPOINT WARNING * * *
You feel sick.
You feel your anger subside.
You are no longer berserk.
You pass out from exhaustion.
You feel yourself slow down.
* * * LOW HITPOINT WARNING * * *
You feel sick.
* * * LOW HITPOINT WARNING * * *
You feel sick.
You can move again.
It was a potion of magic.
Magic courses through your body.
* * * LOW HITPOINT WARNING * * *
You feel sick.
It was a potion of might.
You feel very mighty all of a sudden.
It was a potion of brilliance.
You feel clever all of a sudden.
You die...

##### ##.... ###############
##...## #.............#
######.....# #.###########.#
#........... #.###########.#
#.####.....# #.............#
#.#####...## #.###########@#
#.##........ #.# #.......#
#.##.###.### #.# #.#####.#
#.##.# #.##. #.# #.# #.#
#.##.# #.##. #)# #.# #.#
#.##.###.##. #.#####.#####.#
#>.....#.###
#)....>.......#####...†..#.##.
#..................<.....#.#.#
#######.###### ####........##.


There were no monsters in sight!

Vanquished Creatures
  2 adders (D:2)
  A dart slug (D:1)
  2 leopard geckos
  2 bats
  A giant cockroach (D:2)
  4 goblins
  3 hobgoblins
  A quokka (D:2)
  3 frilled lizards (D:2)
  4 kobolds
  8 rats
31 creatures vanquished.

Notes
Turn   | Place    | Note
-------+----------+-------------------------------------------
     0 | Abyss:1  | dorian the Demonspawn Abyssal Knight began the quest for the Orb.
     0 | Abyss:1  | Reached XP level 1. HP: 18/18 MP: 2/2
     0 | Abyss:1  | Found a corrupted altar of Lugonu.
    16 | D:1      | Escaped the Abyss
   136 | D:1      | Gained mutation: You are immune to rotting. [demonic ancestry]
   136 | D:1      | Reached XP level 2. HP: 19/24 MP: 3/3
   837 | D:2      | Found a faded altar of an unknown god.
   881 | D:2      | Reached skill level 1 in Dodging
   964 | D:2      | Found a white marble altar of Elyvilon.
   982 | D:2      | Reached ** piety under Lugonu
   982 | D:2      | Gained mutation: You have a pair of small horns on your head. [demonic ancestry]
   982 | D:2      | Reached XP level 3. HP: 26/29 MP: 5/5
  1094 | D:2      | Found a sacrificial altar of Ru.
  1097 | D:2      | Found a hide-covered altar of Uskayaw.
  1099 | D:2      | Found a snail-covered altar of Cheibriados.
  1099 | D:2      | Found a shadowy altar of Dithmenos.
  1099 | D:2      | Found an opulent altar of Gozag.
  1100 | D:2      | Found a radiant altar of Vehumet.
  1100 | D:2      | Found a basalt altar of Yredelemnul.
  1102 | D:2      | Found a burning altar of Makhleb.
  1103 | D:2      | Found a hazy altar of Hepliaklqana.
  1537 | D:2      | HP: 1/29 [poisoned by an adder]
  1539 | D:2      | Succumbed to an adder's poison

Skill      XL: |  1  2 |
---------------+-------+-----
Armour         | 2 |  2.0
Long Blades    | 2 |  2.8
Dodging        | 1 |  1.3
Fighting       | |  3.3
Stealth        | |  0.2
Invocations    | |  2.7

Action                   || total
-------------------------++-------
Melee: Falchion          ||    87
       Headbutt          ||     9
  Use: Potion            ||     5
  Eat: Chunk             ||     1
Armor: Leather armour    ||    22
Dodge: Dodged            ||    64
       Rpst.: Falchion   ||    20
